 Dungeon Crawl Stone Soup version 0.22-a0-181-gb22368a (webtiles) character file.

9 Amnesiac the Magician (level 2, -1/19 HPs)
             Began as a Mummy Earth Elementalist on Feb 14, 2018.
             Slain by a hound (5 damage)
             ... on level 4 of the Dungeon.
             The game lasted 00:00:55 (333 turns).

Amnesiac the Magician (Mummy Earth Elementalist)     Turns: 333, Time: 00:00:55

Health: -1/19      AC:  2    Str: 11    XL:     2   Next: 3%
Magic:  0/5        EV: 12    Int: 14    God:
Gold:   13         SH:  0    Dex: 12    Spells: 5/6 levels left

rFire    x . .     SeeInvis .   (no weapon)
rCold    + . .     Gourm    .   (no shield)
rNeg     + + +     Faith    .   c - +0 robe
rPois    ∞         Spirit   .   (no helmet)
rElec    .         Reflect  .   (no cloak)
rCorr    .         Harm     .   (no gloves)
MR       .....     Rnd*Tele +   (no boots)
Stlth    ++........             (no amulet)
HPRegen  0.06/turn              g - ring of teleportation (curse)
MPRegen  0.09/turn              (no ring)

@: no status effects
A: no food or potions, fire vulnerability, cold resistance 1, negative energy
resistance 3, torment resistance, unbreathing
a: no special abilities


You were on level 4 of the Dungeon.
You were not hungry.

You visited 1 branch of the dungeon, and saw 4 of its levels.

You collected 13 gold pieces.

Inventory:

Missiles
 b - 33 stones (quivered)
Armour
 c - a +0 robe (worn)
 f - a cursed +0 pair of boots
Jewellery
 g - a cursed ring of teleportation (left hand)
Wands
 e - a wand of random effects (26)
Scrolls
 a - a scroll of noise {!r, unknown}
Books
 d - a book of Geomancy

   Spells                             Type                      Level
   a - Sandblast                      Earth                        1
   b - Passwall                       Transmutation/Earth          2
   c - Stone Arrow                    Conjuration/Earth            3
   d - Petrify                        Transmutation/Earth          4
   e - Lee's Rapid Deconstruction     Earth                        5


   Skills:
 - Level 1.5 Dodging
 - Level 1.5 Stealth
 + Level 2.9 Spellcasting
   Level 0.7 Transmutations
 * Level 2.8 Earth Magic


You had 5 spell levels left.
You knew the following spells:

 Your Spells              Type           Power        Failure   Level  Hunger
a - Sandblast             Erth           ##....       7%          1    N/A

Dungeon Overview and Level Annotations

Branches:
Dungeon (4/15)
 Temple: D:4-7

Altars:
Fedhas


Innate Abilities, Weirdness & Mutations

You do not eat or drink.
Your flesh is vulnerable to fire.
You are immune to poison.
Your flesh is cold resistant. (rC+)
You are immune to negative energy. (rN+++)
You are immune to unholy pain and torment.
You can survive without breathing.


Message History

Aim: an orc, wielding a club and wearing a glowing ring mail The blast of sand misses the orc.
b - 38 stones
Casting: Sandblast (safe; 7% risk of failure)
Confirm with . or Enter, or press ? or * to list all spells.
Aiming: Sandblast (safe; 7% risk of failure)
Press: ? - help, Shift-Dir - straight line, f/p - orc
Aim: an orc, wielding a club and wearing a glowing ring mail The blast of sand hits the orc.
The orc is moderately wounded.
b - 37 stones
Casting: Sandblast (safe; 7% risk of failure)
Confirm with . or Enter, or press ? or * to list all spells.
Aiming: Sandblast (safe; 7% risk of failure)
Press: ? - help, Shift-Dir - straight line, f/p - orc
Aim: an orc, wielding a club and wearing a glowing ring mail (moderately wounded)
The blast of sand hits the orc.
The orc is moderately wounded.
b - 36 stones
Casting: Sandblast (safe; 7% risk of failure)
Confirm with . or Enter, or press ? or * to list all spells.
Aiming: Sandblast (safe; 7% risk of failure)
Press: ? - help, Shift-Dir - straight line, f/p - orc
Aim: an orc, wielding a club and wearing a glowing ring mail (moderately wounded)
The blast of sand hits the orc.
The orc is moderately wounded.
b - 35 stones The orc hits you with a club.
Casting: Sandblast (safe; 7% risk of failure)
Confirm with . or Enter, or press ? or * to list all spells.
You don't have enough magic to cast that spell.
Casting: Sandblast (safe; 7% risk of failure)
Confirm with . or Enter, or press ? or * to list all spells.
You don't have enough magic to cast that spell.
There is an open door here.
There is an open door here.
The orc hits you with a club.
* * * LOW HITPOINT WARNING * * *
You see here a trident.
You are suddenly yanked towards some nearby monsters!
Your surroundings suddenly seem different.
A ball python comes into view.
The ball python hisses angrily.
A hound comes into view.
The hound barks!
Found 17 gold pieces and a bubbling golden potion.
Casting: Sandblast (safe; 7% risk of failure)
Confirm with . or Enter, or press ? or * to list all spells.
Aiming: Sandblast (safe; 7% risk of failure)
Press: ? - help, Shift-Dir - straight line, f - ball python
Aim: a ball python The blast of sand misses the ball python.
b - 34 stones
Casting: Sandblast (safe; 7% risk of failure)
Confirm with . or Enter, or press ? or * to list all spells.
Aiming: Sandblast (safe; 7% risk of failure)
Press: ? - help, Shift-Dir - straight line, f/p - ball python
Aim: a ball python The blast of sand hits the ball python.
You kill the ball python!
You have reached level 2!
b - 33 stones The hound bites you.
You die...

##+######
.......@#
......h.#
........#
.$......#
....!...#
.........
.........
.........
........##


You could see a hound.

Vanquished Creatures
  A ball python (D:4)
  2 goblins
  A hobgoblin (D:2)
  2 kobolds (D:2)
  A frilled lizard (D:4)
  A rat (D:2)
8 creatures vanquished.

Notes
Turn   | Place    | Note
-------+----------+-------------------------------------------
     0 | D:1      | Amnesiac the Mummy Earth Elementalist began the quest for the Orb.
     0 | D:1      | Reached XP level 1. HP: 13/13 MP: 4/4
   241 | D:4      | Found a blossoming altar of Fedhas.
   330 | D:4      | Noticed a hound
   333 | D:4      | Reached XP level 2. HP: 4/19 MP: 0/5
   333 | D:4      | Slain by a hound

Vault maps used:
D:1:      dpeg_arrival_windows_large_door
D:2:      first_ration
D:3:      lemuel_doored_altar, overflow_temple_1_default, old_standard_altar,
          moated_statue, guppyfry_early_orc_mine
D:4:      zin_statuary, kennysheep_mini, lemuel_crystal_altar, serial_glass,
          glass_columns_a, glass_columns_a

Action                   || total
-------------------------++-------
Melee: Unarmed           ||     5
 Cast: Sandblast         ||    14
Dodge: Dodged            ||     3

Table legend:
 A = Spawn XP
 B = Non-spawn XP
 C = Spawn XP percentage of total XP
 D = Spawn monster count
 E = Non-spawn monster count
 F = Spawn count percentage of total count
 G = Total turns spent on level
                    A         B        C        D         E        F      G
               +---------+---------+-------+---------+---------+-------+---------
         Total |       0 |      13 |   0.0 |       0 |       8 |   0.0 |   333
               +---------+---------+-------+---------+---------+-------+---------
           D:1 |       0 |       2 |   0.0 |       0 |       1 |   0.0 |    42
           D:2 |       0 |       8 |   0.0 |       0 |       5 |   0.0 |    95
           D:4 |       0 |       3 |   0.0 |       0 |       2 |   0.0 |   115
               +---------+---------+-------+---------+---------+-------+---------
